 Dungeon Crawl Stone Soup version 0.14.0-6-g1bc2dff (webtiles) character file.

353 Kejsarherre the Skirmisher (level 5, -8/46 HPs)
             Began as a Formicid Wanderer on Apr 12, 2014.
             Mangled by a gnoll
             ... wielding a +2,+2 flail of protection
              (12 damage)
             ... on Level 3 of the Dungeon.
             The game lasted 00:06:06 (2595 turns).

Kejsarherre the Skirmisher (Formicid Wanderer)      Turns: 2595, Time: 00:06:06

HP  -8/46        AC  5     Str 15      XL: 5   Next: 73%
MP  10/10        EV  9     Int 13      God:
Gold 190         SH  0     Dex 11      Spells:  0 memorised,  6 levels left

rFire  . . .     SeeInvis +     p - +1 whip (freeze)
rCold  . . .     Clarity  .     c - +0 ring mail
rNeg   . . .     Conserve .     (no shield)
rPois  .         rCorr    .     (helmet unavailable)
rElec  .         rRot     .     (no cloak)
SustAb . .       Spirit   .     (no gloves)
rMut   .         Warding  .     (no boots)
Saprov . . .     Stasis   +     (no amulet)
MR     .....                    (no ring)
                                (no ring)

@: not resistant to hostile enchantments, very unstealthy
A: permanent stasis, dig shafts and tunnels, four strong arms, antennae 3
a: Dig, Shaft Self


You were on level 3 of the Dungeon.
You were very hungry.

You visited 1 branch of the dungeon, and saw 3 of its levels.

You collected 190 gold pieces.

Inventory:

Hand weapons
 d - a +0,+0 crossbow
 e - a +0,+0 flail
 h - a +0,+0 hand axe
 p - a +1,+1 whip of freezing (weapon)
Missiles
 g - a bolt
Armour
 c - a +0 ring mail (worn)
Comestibles
 b - a honeycomb
 f - a bread ration
 n - a meat ration
Scrolls
 a - a scroll of magic mapping {unknown}
 i - a scroll of remove curse {unknown}
 j - 2 scrolls of teleportation {unknown}
 k - 6 scrolls of identify {unknown}
 l - a scroll of enchant armour {unknown}
 m - a scroll of recharging {unknown}
 o - a scroll of enchant weapon I {unknown}


   Skills:
 - Level 6.2 Fighting
 - Level 1.5 Axes
 - Level 1.0 Crossbows
 - Level 1.1 Armour
 - Level 1.2 Stealth
 - Level 1.1 Spellcasting
   Level 2.0 Charms
   Level 1.1 Evocations


You had 6 spell levels left.
You didn't know any spells.

Dungeon Overview and Level Annotations

Branches:
Dungeon (3/15)

Altars:
Kikubaaqudgha
Trog
The Shining One


Innate Abilities, Weirdness & Mutations

Your are under a permanent stasis effect.
You can dig through walls and to a lower floor.
Your four strong arms can wield two-handed weapons with a shield.
You have a pair of large antennae on your head (SInv).


Message History

The gnoll hits you but does no damage. The giant cockroach bites you.
The gnoll hits you but does no damage.
The gnoll hits you from afar with a spear!
You hit the gnoll but do no damage.
The gnoll is lightly wounded.
The giant cockroach bites you. The gnoll barely misses you.
You closely miss the gnoll.
The gnoll is lightly wounded.
The gnoll hits you with a runed flail!
The giant cockroach waves its antennae.
The giant cockroach closely misses you.
The gnoll hits you from afar with a spear!
The giant cockroach bites you but does no damage.
The giant cockroach barely misses you.
The gnoll hits you from afar with a spear!
* * * LOW HITPOINT WARNING * * *
The gnoll hits you from afar with a spear.
* * * LOW HITPOINT WARNING * * *
The gnoll hits you with a runed flail!
You die...

##...#.##.#.#####'####......# #.#
.....#.##.#..##♣...♣##......# #.#
.............##.....##......# #>#
..........#.###♣...♣###..##.###.#
.#..........<##.....##...........
....<......s.####_######.##.#####
.##.....#...############.##.#
.##.....#...sg.#####..##.##.#
.##..........g.g@........##.#
.....#+##.....###.#..%##.##.#
####.#{ #.........#...##.##.#
#.#{ #....####.#<..##.##.# ..#
#................##.# #.#{
#...#####.#...##.##.####
##......................#
............#.#.......####
#....##.........###.##


You could see 3 gnolls and a giant cockroach.

Vanquished Creatures
  3 gnolls
  An inept item mimic (D:2)
  4 adders
  A worm (D:2)
  4 giant geckos
  6 orcs (D:3)
  3 bats
  A bat zombie (D:3)
  2 giant cockroaches (D:1)
  5 goblins
  13 hobgoblins
  5 jackals
  2 quokkas
  2 ball pythons
  7 giant newts
  4 kobolds
  7 rats
  A rat zombie (D:3)
71 creatures vanquished.

Notes
Turn   | Place    | Note
--------------------------------------------------------------
     0 | D:1      | Kejsarherre, the Formicid Wanderer, began the quest for the Orb.
     0 | D:1      | Reached XP level 1. HP: 18/18 MP: 3/3
   125 | D:1      | Reached XP level 2. HP: 25/25 MP: 5/5
   169 | D:1      | Reached skill level 4 in Fighting
   428 | D:1      | Reached XP level 3. HP: 29/31 MP: 6/6
   955 | D:2      | Reached skill level 5 in Fighting
   957 | D:2      | Reached XP level 4. HP: 28/39 MP: 7/7
  1177 | D:2      | Found a bloodstained altar of Trog.
  1625 | D:3      | Reached XP level 5. HP: 46/46 MP: 10/10
  1855 | D:2      | Reached skill level 6 in Fighting
  2348 | D:2      | Reached skill level 1 in Axes
  2457 | D:3      | Found an ancient bone altar of Kikubaaqudgha.
  2547 | D:3      | Found a glowing golden altar of the Shining One.
  2595 | D:3      | Mangled by a gnoll

Action                   |  1- 3 |  4- 6 || total
-------------------------+-------+-------++-------
Melee: Unarmed           |       |    60 ||    60
       Hand axe          |       |    47 ||    47
       Flail             |       |    14 ||    14
       Whip              |       |     6 ||     6
 Fire: Crossbow          |    68 |    63 ||   131
  Use: Potion            |       |     4 ||     4
